 Dungeon Crawl Stone Soup version 0.26-a0-540-g8a0c9464d7 (webtiles) character file.

Game seed: 14634820492584701580

26 HammerPanzer the Digger (level 3, -1/20 HPs)
             Began as a Gargoyle Earth Elementalist on Aug 20, 2020.
             Slain by a worm (3 damage)
             ... on level 2 of the Dungeon.
             The game lasted 00:06:04 (1622 turns).

HammerPanzer the Digger (GrEE)                      Turns: 1622, Time: 00:06:05

Health: -1/20      AC:  5    Str: 11    XL:     3   Next: 8%
Magic:  6/6        EV: 12    Int: 16    God:
Gold:   81         SH:  0    Dex: 10    Spells: 2/6 levels left

rFire    . . .     SeeInvis .   f - +0 hand axe
rCold    . . .     Faith    .   (no shield)
rNeg     + . .     Spirit   .   c - +0 robe
rPois    ∞         Reflect  .   (no helmet)
rElec    +         Harm     .   (no cloak)
rCorr    .                      (no gloves)
MR       .....                  (no boots)
Stlth    ++........             (no amulet)
HPRegen  0.06/turn              (no ring)
MPRegen  0.10/turn              (no ring)

@: no status effects
A: negative energy resistance 1, electricity resistance, unbreathing,
petrification resistance, rot immunity, AC +3
a: no special abilities


You were on level 2 of the Dungeon.
You visited 1 branch of the dungeon, and saw 2 of its levels.

You collected 81 gold pieces.

Inventory:

Hand Weapons
 f - a +0 hand axe (weapon)
Missiles
 b - 169 stones (quivered)
Armour
 c - a +0 robe (worn)
 g - a +0 leather armour
Scrolls
 d - a scroll of identify {unknown}
 h - a scroll of remove curse {unknown}
 j - a scroll of magic mapping {unknown}
Potions
 a - 2 potions of degeneration {unknown}
 e - a potion of heal wounds {unknown}
 i - a potion of cancellation {unknown}
 k - a potion of lignification {unknown}


   Skills:
 + Level 1.0 Fighting
 - Level 1.5 Dodging
 - Level 2.1 Stealth
 + Level 1.0 Unarmed Combat
 + Level 2.2 Spellcasting
   Level 0.7 Transmutations
 * Level 4.2 Earth Magic


You had 2 spell levels left.
You knew the following spells:

 Your Spells              Type           Power        Failure   Level
a - Sandblast             Erth           ###...       3%          1
b - Stone Arrow           Conj/Erth      #.....       26%         3

Your spell library contained the following spells:

 Spells                   Type           Power        Failure   Level
 Passwall                 Tmut/Erth      #.......     11%         2
 Petrify                  Tmut/Erth      #.......     58%         4
 Lee's Rapid Deconstruct  Erth           ###.......   67%         5


Dungeon Overview and Level Annotations

Branches:
Dungeon (2/15)

Altars:


Innate Abilities, Weirdness & Mutations

You are resistant to torment.
Your stone body is resilient. (AC +3)
You are immune to poison.
You resist negative energy. (rN+)
You are resistant to electric shocks. (rElec)
You can survive without breathing.
You are immune to petrification.
You are immune to rotting.


Message History

You barely miss the worm. The worm bites you.
You hit the worm.
The worm is moderately wounded.
The worm closely misses you.
There is an open door here.
A worm is nearby!
The worm bites you!
* * * LOW HITPOINT WARNING * * *
You hit the worm.
The worm is lightly wounded.
You hit the worm.
The worm is moderately wounded.
The worm misses you.
You hit the worm.
The worm is moderately wounded.
The worm closely misses you.
You barely miss the worm.
The worm is moderately wounded.
The worm bites you.
You die...

# #.#..#............. #.
#.#...............# #.
#.#....†..........#
#..#.#..................#
##.#..#.#..................#
.!......#..............#.#.#
.............#w#...........#
##...........#w#...........
..........#..#@#.........
########...#..#.#####...# ....
..#...#..#.# #...#
.......#...#..#.#####)..#######
# ...#.#...#..#................
#.. ...#...###########.########
.....#.#...#......†...........
.......<...#.######...........
.....##...†#...# #...........


You could see 2 worms.

Vanquished Creatures
  A dart slug (D:1)
  A leopard gecko (D:1)
  3 bats
  2 goblins (D:1)
  4 hobgoblins
  3 kobolds (D:1)
  A quokka (D:1)
  A ball python (D:2)
  A frilled lizard (D:1)
  4 rats (D:1)
21 creatures vanquished.

Notes
Turn   | Place    | Note
-------+----------+-------------------------------------------
     0 | D:1      | HammerPanzer the Gargoyle Earth Elementalist began the
                  | quest for the Orb.
     0 | D:1      | Reached XP level 1. HP: 10/10 MP: 3/3
   461 | D:1      | Reached XP level 2. HP: 2/16 MP: 5/5
   940 | D:1      | Reached skill level 4 in Earth Magic
  1411 | D:2      | Reached skill level 1 in Fighting
  1466 | D:2      | Reached XP level 3. HP: 19/20 MP: 6/6
  1471 | D:2      | Learned a level 3 spell: Stone Arrow
  1498 | D:2      | Reached skill level 1 in Unarmed Combat
  1622 | D:2      | Slain by a worm

Illustrated notes

Levels and vault maps discovered:
D:1:      lightli_arrival_lavapool, layout_loops_ring, grunt_decor_mini_mirrors
D:2:      layout_basic, uniq_robin

Skill      XL: |  1  2  3 |
---------------+----------+-----
Earth Magic    | 4 |  4.2
Fighting       | 1 |  1.0
Unarmed Combat | 1 |  1.0
Dodging        | |  1.5
Stealth        | |  2.1
Spellcasting   | |  2.2
Transmutations | |  0.7

Action                   || total
-------------------------++-------
Melee: Dagger            ||    20
       Unarmed           ||    10
       Hand axe          ||    67
Throw: Stone             ||     1
 Stab: Sleeping          ||     3
Armor: Robe              ||    12
       Leather armour    ||    20
Dodge: Dodged            ||    80

Table legend: (Time is in decaauts)
 A = Elapsed time spent in this place.
 B = Non-inter-level travel time spent in this place.
 C = Inter-level travel time spent in this place.
 D = Time resting spent in this place.
 E = Time spent auto-exploring this place.
 F = Levels seen in this place.
 G = Mean time per level.
                   A        B        C        D        E       F      G
               +--------+--------+--------+--------+--------+-----+--------+
         Total |   1644 |   1631 |     13 |    754 |    477 |   2 |  822.0 |
       Dungeon |   1644 |   1631 |     13 |    754 |    477 |   2 |  822.0 |
               +--------+--------+--------+--------+--------+-----+--------+

Top non-repeatable levels by time:
     D:1: 1404 daAuts
     D:2: 240 daAuts
